 Dungeon Crawl Stone Soup version 0.21.1-1-g345015f (webtiles) character file.

11036 zishaf the Transmogrifier (level 11, -10/66 HPs)
             Began as a Vine Stalker Assassin on May 28, 2018.
             Was a Priest of Ru.
             Mangled by a spiny frog (16 damage)
             ... on level 1 of the Lair of Beasts on May 29, 2018.
             The game lasted 00:54:09 (12782 turns).

zishaf the Transmogrifier (Vine Stalker Assassin)  Turns: 12782, Time: 00:54:09

Health: -10/66     AC:  9    Str: 17    XL:     11   Next: 71%
Magic:  0/25       EV: 12    Int: 11    God:    Ru [***...]
Gold:   455        SH:  0    Dex: 16    Spells: 24/29 levels left

rFire    . . .     SeeInvis +   T - +11 trident of Moduwnal {freeze, Fragile rN+ Stlth+}
rCold    . . .     Gourm    .   (shield unavailable)
rNeg     + . .     Faith    .   A - +0 leather armour
rPois    +         Spirit   +   j - +2 helmet {SInv}
rElec    .         Reflect  .   K - +2 cloak {MR+}
rCorr    .         Harm     .   (no gloves)
MR       ++...                  (no boots)
Stlth    ++++......             (no amulet)
HPRegen  0.61/turn              (ring unavailable)
MPRegen  0.19/turn              p - ring of poison resistance

@: no status effects
A: fangs 3, talons 1, regeneration 1, robust 1, magic shield, antimagic bite, no
potion heal 3, rot immunity, missing a hand
a: Draw Out Power, Renounce Religion


You were on level 1 of the Lair of Beasts.
You worshipped Ru.
Ru was most pleased with you.
You were not hungry.

You visited 2 branches of the dungeon, and saw 11 of its levels.
You also visited: Bailey.

You collected 617 gold pieces.
You spent 162 gold pieces at shops.

Inventory:

Hand Weapons
 a - the +4 mace "Muggaurr" {freeze, MR++}
   (You found it on level 9 of the Dungeon)

   It has been specially enchanted to freeze those struck by it, causing extra
   injury to most foes and up to half again as much damage against particularly
   susceptible opponents.
   It can also slow down cold-blooded creatures.
   It affects your resistance to hostile enchantments.
 b - a +1 blowgun
 N - a +2 short sword of freezing
 T - the +11 trident of Moduwnal (weapon) {freeze, Fragile rN+ Stlth+}
   (You found it on level 10 of the Dungeon)

   It has been specially enchanted to freeze those struck by it, causing extra
   injury to most foes and up to half again as much damage against particularly
   susceptible opponents.
   It can also slow down cold-blooded creatures.
   It protects you from negative energy.
   It will be destroyed if unequipped.
   It makes you more stealthy.
Missiles
 e - 42 poisoned needles
 f - 2 curare-tipped needles
 F - 23 tomahawks
 G - 69 tomahawks of returning
 Y - 4 steel javelins (quivered)
Armour
 d - a +0 cloak
 j - a +2 helmet of see invisible (worn)
 A - a +0 leather armour (worn)
 K - a +2 cloak of magic resistance (worn)
Jewellery
 p - a ring of poison resistance (right hand)
 I - a +5 ring of strength
 P - an uncursed ring of see invisible
 S - the ring "Soific" {rN+ Str+4}
   (You found it on level 9 of the Dungeon)

   [ring of strength]

   It affects your strength (+4).
   It protects you from negative energy.
Wands
 c - a wand of paralysis (14)
 y - a wand of acid (3)
 E - a wand of random effects (16)
 U - a wand of polymorph (1)
 Z - a wand of iceblast (9)
Scrolls
 h - 3 scrolls of fear
 i - 4 scrolls of remove curse
 k - 3 scrolls of amnesia
 l - 2 scrolls of teleportation
 m - 4 scrolls of enchant weapon
 n - 2 scrolls of immolation {unknown}
 o - 4 scrolls of identify
 v - 2 scrolls of noise
 w - 3 scrolls of blinking {unknown}
 B - a scroll of enchant armour {unknown}
 H - 3 scrolls of fog {unknown}
 J - a scroll of magic mapping
 O - a scroll of brand weapon {unknown}
Potions
 g - 3 potions of degeneration {unknown}
 q - 2 potions of lignification {unknown}
 s - 2 potions of agility {unknown}
 u - 2 potions of invisibility {unknown}
 z - 4 potions of brilliance
 C - 9 potions of curing
 D - 5 potions of haste
 Q - 3 potions of mutation
 R - 4 potions of heal wounds
 V - a potion of experience {unknown}
 W - 3 potions of magic {unknown}
 X - a potion of might {unknown}
Books
 t - a book of Changes

   Spells                             Type                      Level
   a - Beastly Appendage              Transmutation                1
   b - Sticks to Snakes               Transmutation                2
   c - Spider Form                    Transmutation/Poison         3
   d - Ice Form                       Ice/Transmutation            4
   e - Blade Hands                    Transmutation                5
 x - a book of Maledictions

   Spells                             Type                      Level
   a - Corona                         Hexes                        1
   b - Ensorcelled Hibernation        Hexes/Ice                    2
   c - Confuse                        Hexes                        3
   d - Tukima's Dance                 Hexes                        3
   e - Dazzling Spray                 Conjuration/Hexes            3
 M - a book of Conjurations

   Spells                             Type                      Level
   a - Magic Dart                     Conjuration                  1
   b - Searing Ray                    Conjuration                  2
   c - Dazzling Spray                 Conjuration/Hexes            3
   d - Fulminant Prism                Conjuration/Hexes            4
   e - Force Lance                    Conjuration/Translocation    4
   f - Iskenderun's Mystic Blast      Conjuration                  4
Comestibles
 r - 27 rations


   Skills:
 + Level 8.1 Fighting
 - Level 2.3 Short Blades
 - Level 2.0 Throwing
 - Level 1.4 Dodging
 - Level 5.0 Stealth
 - Level 5.6 Unarmed Combat
 * Level 9.7 Spellcasting
   Level 2.1 Hexes
 * Level 10.8 Transmutations


You had 24 spell levels left.
You knew the following spells:

 Your Spells              Type           Power        Failure   Level  Hunger
b - Blade Hands           Tmut           ####......   5%          5    #####..


Dungeon Overview and Level Annotations

Branches:
Dungeon (10/15)            Temple (0/1) D:6            Lair (1/6) D:10
    Orc (0/2) D:10

Altars:
Cheibriados
Elyvilon
Gozag
Kikubaaqudgha
Nemelex Xobeh
Okawaru
Ru
Sif Muna
Uskayaw
Xom
Yredelemnul

Shops:
D:4 (

Annotations:
Lair:1 Joseph


Innate Abilities, Weirdness & Mutations

You have razor-sharp teeth.
Your natural rate of healing is unusually fast.
When hurt, damage is shared between your health and your magic reserves.
Your bite disrupts and absorbs the magic of your enemies.
Potions cannot restore your health.
You are immune to rotting.
You are missing a hand.
You have sharp toenails.
You are robust. (+10% HP)


Message History

You puncture the yak! You freeze the yak.
You kill the yak!
The spiny frog stings you. The spiny frog stings you!
You see here a yak corpse.
You closely miss the spiny frog. Your kick misses the spiny frog.
The spiny frog stings you! x2
* * * LOW HITPOINT WARNING * * *
The spiny frog misses you. The spiny frog stings you.
* * * LOW HITPOINT WARNING * * *
A crocodile comes into view.
The spiny frog stings you!
* * * LOW HITPOINT WARNING * * *
Found a scroll of remove curse.
The spiny frog stings you!
* * * LOW HITPOINT WARNING * * *
The spiny frog stings you.
* * * LOW HITPOINT WARNING * * *
The spiny frog stings you!!
You die...

....###.#.# .... ..##.#......
........Y.##...# #......#.
#....)..Y......#####.....>#.
#####.......###.##...#......
##.....................#.
##.....#.##.......##......
##..###.###.?......##.#....
##..#####.....#...######...# #
#.#.#......@Ft....# ###..
...#.....###...#####.# #.#
#.........##..### ##########..
#...#.....##...# ###P#...#.. ###
####P......# ## #.........)
##....#...# #.##.###......
####.....# ### #....# #......
##.#......### ##....########.
###.........##.####......)####...


You could see a spiny frog and a crocodile.

Vanquished Creatures
  Harold (Lair:1)
  A two-headed ogre (D:9)
  2 unseen horrors (D:10)
  The ghost of NewPlayer the Martial Artist, a novice DsMo (D:6)
  Maurice (D:10)
  Psyche (D:9)
  A spiny frog (Lair:1)
  A komodo dragon (D:10)
  A troll (D:9)
  A hornet (D:7)
  Prince Ribbit (D:9)
  2 hippogriffs (D:9)
  3 yaks
  3 hogs (D:8)
  A human (D:8)
  A basilisk (Lair:1)
  Edmund (D:5)
  5 orc warriors
  A sky beast (D:6)
  2 water moccasins
  A black bear (D:8)
  2 ice beasts (D:6)
  3 phantoms
  5 ogres
  4 wolves (Lair:1)
  4 centaurs
  A crocodile (Lair:1)
  2 big kobolds (D:10)
  8 bullfrogs
  A gnoll sergeant (D:8)
  A wyvern skeleton (D:6)
  14 killer bees (D:10)
  A crimson imp (D:6)
  2 centaur zombies (D:10)
  A bullfrog zombie (D:6)
  2 bullfrog skeletons
  2 centaur skeletons
  2 jellies
  A quasit (D:7)
  8 orc priests
  2 hounds
  7 worker ants
  3 iguanas
  9 orc wizards
  2 killer bee zombies
  A hound skeleton (D:4)
  17 gnolls
  8 adders
  5 shadow imps
  An ooze (D:2)
  3 worms
  2 dart slugs
  2 leopard geckos
  56 orcs
  5 bats
  5 giant cockroaches
  11 hobgoblins
  4 jackals (D:3)
  7 quokkas
  A ball python (D:1)
  9 frilled lizards
  9 goblins
  A jackal skeleton (D:4)
  A jackal zombie (D:7)
  29 kobolds
  A quokka skeleton (D:9)
  25 rats
  A butterfly (Lair:1)
  A fungus (Lair:1)
  A plant (D:1)
325 creatures vanquished.

Vanquished Creatures (others)
  Crazy Yiuf (D:7)
  A fungus (Lair:1)
  A plant (D:10)
3 creatures vanquished.

Grand Total: 328 creatures vanquished

Notes
Turn   | Place    | Note
-------+----------+-------------------------------------------
     0 | D:1      | zishaf the Vine Stalker Assassin began the quest for the Orb.
     0 | D:1      | Reached XP level 1. HP: 11/11 MP: 2/2
   285 | D:1      | Reached skill level 5 in Stealth
   291 | D:1      | Reached XP level 2. HP: 10/15 MP: 3/3
   473 | D:1      | Reached skill level 1 in Dodging
  2444 | D:2      | Reached XP level 3. HP: 18/18 MP: 4/4
  3071 | D:3      | Learned a level 2 spell: Ensorcelled Hibernation
  3336 | D:1      | Gained mutation: Your natural rate of healing is unusually fast. [Vine Stalker growth]
  3336 | D:1      | Reached XP level 4. HP: 4/23 MP: 2/5
  3484 | D:3      | Reached skill level 1 in Hexes
  3653 | D:3      | Reached skill level 1 in Spellcasting
  4196 | D:3      | Found a snail-covered altar of Cheibriados.
  4340 | D:4      | Reached XP level 5. HP: 20/27 MP: 5/8
  4433 | D:4      | Found an iron altar of Okawaru.
  4913 | D:4      | Found Demmeon's Antique Weapon Shop.
  4931 | D:4      | Reached XP level 6. HP: 29/33 MP: 8/10
  5022 | D:4      | Bought a runed short sword for 162 gold pieces
  5029 | D:4      | Learned a level 5 spell: Blade Hands
  5279 | D:5      | Entered Level 5 of the Dungeon
  5279 | D:5      | Noticed Edmund
  5298 | D:5      | Killed Edmund
  5298 | D:5      | Reached skill level 1 in Unarmed Combat
  5298 | D:5      | Reached skill level 1 in Transmutations
  5761 | D:4      | Reached skill level 2 in Transmutations
  5761 | D:4      | Reached XP level 7. HP: 29/37 MP: 6/11
  5966 | D:5      | Found a sacrificial altar of Ru.
  6187 | D:5      | Became a worshipper of Ru the Awakened
  6264 | D:6      | Found a hide-covered altar of Uskayaw.
  6265 | D:6      | Noticed a dagger
  6266 | D:6      | Noticed a hand axe
  6292 | D:6      | Reached skill level 3 in Transmutations
  6637 | D:6      | Reached skill level 4 in Transmutations
  6637 | D:6      | Gained mutation: You have razor-sharp teeth. [Vine Stalker growth]
  6637 | D:6      | Reached XP level 8. HP: 34/42 MP: 8/12
  6652 | D:6      | Noticed NewPlayer's ghost (novice DsMo)
  6680 | D:6      | Killed NewPlayer's ghost
  6680 | D:6      | Reached skill level 5 in Fighting
  6680 | D:6      | Reached skill level 5 in Unarmed Combat
  6680 | D:6      | Reached skill level 5 in Transmutations
  7101 | D:6      | Found a staircase to the Ecumenical Temple.
  7152 | D:6      | Reached XP level 9. HP: 47/47 MP: 14/14
  7230 | D:6      | Reached skill level 6 in Transmutations
  7250 | D:6      | Got a polished quarterstaff
  7254 | D:6      | Identified the cursed +2 quarterstaff of Ales {crush, rPois} (You found it on level 6 of the Dungeon)
  7260 | D:6      | Gained mutation: You have sharp toenails. [potion of mutation]
  7260 | D:6      | Gained mutation: You are robust. (+10% HP) [potion of mutation]
  7874 | D:7      | Found a white marble altar of Elyvilon.
  7890 | D:7      | Gained mutation: You are missing a hand. [Ru sacrifice]
  7890 | D:7      | Reached * piety under Ru
  7890 | D:7      | Reached ** piety under Ru
  7890 | D:7      | Reached *** piety under Ru
  8041 | D:7      | Found a basalt altar of Yredelemnul.
  8287 | D:7      | Noticed a hornet
  8299 | D:7      | Paralysed by a hornet for 2 turns
  8302 | D:7      | Killed a hornet
  8302 | D:7      | Reached skill level 5 in Spellcasting
  8302 | D:7      | Reached skill level 7 in Transmutations
  8395 | D:7      | Found an opulent altar of Gozag.
  8743 | D:7      | Found a runed door.
  8747 | D:7      | Noticed Crazy Yiuf
  8751 | D:7      | Killed Crazy Yiuf
  9209 | D:8      | Reached XP level 10. HP: 58/58 MP: 18/20
  9227 | D:8      | Found an opulent altar of Gozag.
  9315 | D:8      | Found a shimmering altar of Xom.
  9318 | D:8      | Found an ancient bone altar of Kikubaaqudgha.
  9341 | D:8      | Reached skill level 8 in Transmutations
  9666 | D:8      | Found a deep blue altar of Sif Muna.
  9794 | D:9      | Got a smoking mace
  9795 | D:9      | Identified the +4 mace "Muggaurr" {freeze, MR++} (You found it on level 9 of the Dungeon)
  9922 | D:9      | Noticed a two-headed ogre
  9927 | D:9      | Killed a two-headed ogre
  9946 | D:9      | Reached skill level 9 in Transmutations
 10482 | D:9      | Found a sparkling altar of Nemelex Xobeh.
 10482 | D:9      | Noticed Prince Ribbit
 10494 | D:9      | Killed Prince Ribbit
 10779 | D:9      | Noticed Psyche
 10792 | D:9      | Killed Psyche
 10792 | D:9      | Reached XP level 11. HP: 63/63 MP: 24/24
 10809 | D:9      | Got a bound jade ring
 10812 | D:9      | Identified the ring "Soific" {rN+ Str+4} (You found it on level 9 of the Dungeon)
 10847 | D:10     | Entered Level 10 of the Dungeon
 10891 | D:10     | Noticed an unseen horror
 10908 | D:10     | Killed an unseen horror
 11002 | D:10     | Noticed an unseen horror
 11004 | D:10     | Got a jewelled trident
 11009 | D:10     | Killed an unseen horror
 11009 | D:10     | Reached skill level 10 in Transmutations
 11048 | D:10     | Found a flagged portal.
 11055 | D:10     | Identified the +11 trident of Moduwnal {freeze, Fragile rN+ Stlth+} (You found it on level 10 of the Dungeon)
 11057 | Bailey   | Entered a bailey
 11503 | D:10     | Noticed Maurice
 11520 | D:10     | Killed Maurice
 11523 | D:10     | Found a staircase to the Orcish Mines.
 11903 | D:10     | Found a staircase to the Lair.
 12222 | Lair:1   | Entered Level 1 of the Lair of Beasts
 12376 | Lair:1   | Noticed Harold
 12388 | Lair:1   | Noticed Joseph
 12692 | Lair:1   | Killed Harold
 12773 | Lair:1   | HP: 1/66 [spiny frog (12)]
 12782 | Lair:1   | Mangled by a spiny frog

Skill      XL: |  1  2  3  4  5  6  7  8  9 10 11 |
---------------+----------------------------------+-----
Throwing       | 2 |  2.0
Stealth        | 5 |  5.0
Dodging        | 1 |  1.4
Short Blades   | 2 |  2.3
Fighting       | 2 3 4 5 6 7 8 |  8.1
Hexes          | 1 2 |  2.1
Spellcasting   | 1 2 3 6 8 9 |  9.7
Unarmed Combat | 2 4 5 |  5.6
Transmutations | 2 4 5 7 9 10 | 10.8

Action                   |  1- 3 |  4- 6 |  7- 9 | 10-12 || total
-------------------------+-------+-------+-------+-------++-------
Melee: Dagger            |   191 |   100 |       |       ||   291
       Bite              |    59 |    51 |    80 |   100 ||   290
       Short sword       |       |    49 |   208 |    53 ||   310
       Unarmed           |       |       |    16 |       ||    16
       Punch             |       |       |     6 |       ||     6
       Kick              |       |       |    49 |    82 ||   131
       Mace              |       |       |       |   123 ||   123
       Trident           |       |       |       |   168 ||   168
 Fire: Blowgun           |     7 |    18 |    21 |     3 ||    49
Throw: Javelin           |       |     2 |     6 |    27 ||    35
       Tomahawk          |       |       |     2 |    24 ||    26
 Cast: Ensorcelled Hiber |     1 |       |       |       ||     1
Invok: Sacrifice a Hand  |       |       |     1 |       ||     1
       Draw Out Power    |       |       |       |     1 ||     1
       Reject Sacrifices |       |       |       |     1 ||     1
Evoke: Wand              |       |       |    11 |     1 ||    12
  Use: Scroll            |       |       |     6 |     9 ||    15
       Potion            |       |       |     1 |       ||     1
 Stab: Sleeping          |    12 |     6 |     5 |    19 ||    42
       Distracted        |       |       |       |     1 ||     1
  Eat: Chunk             |     4 |     8 |     8 |    12 ||    32
       Ration            |     1 |       |     1 |       ||     2
Armor: Robe              |    32 |    53 |     5 |       ||    90
       Scale mail        |       |       |    28 |       ||    28
       Leather armour    |       |       |    41 |   140 ||   181
Dodge: Dodged            |    59 |    98 |   129 |   278 ||   564
